 Dungeon Sprint DCSS version 0.16-a0-3540-gcd4db26 (webtiles) character file.

14475 BluebellGnoll the Eclecticist (level 12, -7/66 HPs)
             Began as an Octopode Fire Elementalist on Jan 9, 2015.
             Was the Champion of Vehumet.
             Killed by the air
             ... invoked by a spriggan air mage
              (24 damage)
             ... in the Dungeon (Sprint V: "Ziggurat Sprint").
             The game lasted 00:25:15 (951 turns).

BluebellGnoll the Eclecticist (OpFE)                 Turns: 951, Time: 00:25:16

Health: -7/66      AC:  1    Str: 20    XL:     12   Next: 16%
Magic:  16/36      EV: 25    Int: 33    God:    Vehumet [******]
Gold:   0          SH: 30    Dex: 25    Spells: 10 memorised, 14 levels left

rFire  . . .     SeeInvis .     M - +5 quick blade (vamp)
rCold  . . .     Clarity  .     K - +18 shield of the gong {rElec rN+ MR+ EV-5}
rNeg   + . .     SustAb   .     (helmet restricted)
rPois  .         Gourm    .     (no amulet)
rElec  +         Spirit   .     m - +6 ring of dexterity
rCorr  .         Warding  .     n - +6 ring of dexterity
rMut   .         NoTele   +     o - +6 ring of intelligence
MR     +....                    p - +6 ring of intelligence
Stlth  ++++......               q - +6 ring of strength
                                r - +6 ring of strength
                                b - +4 ring of evasion
                                V - ring of wizardry

@: somewhat resistant to hostile enchantments, stealthy
A: almost no armour, amphibious, 8 rings, constrict 8, camouflage 1, gelatinous
body 1
a: Renounce Religion


You were in the Dungeon.
You worshipped Vehumet.
Vehumet was exalted by your worship.
You were not hungry.

You visited 1 branch

Inventory:

Hand weapons
 L - the +7 Singing Sword
   (You found it in the Dungeon)
 M - a +5 vampiric quick blade (weapon)
Armour
 K - the +18 shield of the gong (worn) {rElec rN+ MR+ EV-5}
   (You found it in the Dungeon)

   It affects your evasion (-5).
   It insulates you from electricity.
   It protects you from negative energy.
   It affects your resistance to hostile enchantments.
Magical staves
 s - an uncursed staff of energy
Rods
 O - a +5 rod of shadows (10/10)
   (You found it in the Dungeon)
Jewellery
 b - a +4 ring of evasion (on tentacle)
 m - a +6 ring of dexterity (left tentacle)
 n - a +6 ring of dexterity (right tentacle)
 o - a +6 ring of intelligence (on tentacle)
 p - a +6 ring of intelligence (on tentacle)
 q - a +6 ring of strength (on tentacle)
 r - a +6 ring of strength (on tentacle)
 J - the amulet of Suspected Treachery {Stasis Str+3 Dex-3}
   (You found it in the Dungeon)

   [amulet of stasis]

   It prevents you from being teleported, slowed, hasted or paralysed.
   It affects your strength (+3).
   It affects your dexterity (-3).
 P - the ring "Joll" {rF+ Stlth+}
   (You found it in the Dungeon)

   [ring of stealth]

   It protects you from fire.
   It makes you more stealthy.
 S - an uncursed ring of see invisible
 V - a ring of wizardry (on tentacle)
 Y - the ring of the Manifold Lives {+Inv +Fly rN+}
   (You found it in the Dungeon)

   [ring of flight]

   It protects you from negative energy.
   It lets you turn invisible.
   It lets you fly.
Magical devices
 a - a wand of disintegration (7)
 j - a wand of fire (4)
 k - a wand of cold (5)
 l - a wand of draining (5)
Scrolls
 i - 3 scrolls of blinking
 v - 4 scrolls of amnesia
 w - 3 scrolls of recharging
 x - 7 scrolls of fog
 y - a scroll of holy word
 z - 5 scrolls of identify
 A - 5 scrolls of remove curse
 B - 2 scrolls of fear
 T - 2 scrolls of brand weapon
Potions
 d - 10 potions of curing
 e - 10 potions of heal wounds
 f - 5 potions of haste
 g - 7 potions of magic
 h - 3 potions of berserk rage
 C - a potion of brilliance
 D - a potion of invisibility
 E - 2 potions of restore abilities
 F - 4 potions of resistance
 H - 3 potions of agility
 I - 3 potions of might
Miscellaneous
 G - a lamp of fire
 N - a plain deck of summoning
 R - 2 stones of tremors
 U - a box of beasts
 W - a lantern of shadows
 Z - a fan of gales
Comestibles
 c - 5 bread rations
 t - 42 fruits
 u - 4 meat rations
 Q - 4 chunks of flesh


   Skills:
 * Level 13.6 Dodging
 - Level 2.6 Stealth
 - Level 7.3 Shields
 - Level 18.5 Spellcasting
 * Level 11.0 Conjurations
 - Level 3.0 Fire Magic
 - Level 7.6 Air Magic
 - Level 9.1 Poison Magic


You had 14 spell levels left.
You knew the following spells:

 Your Spells              Type           Power        Failure   Level  Hunger
a - Flame Tongue          Conj/Fire      #####        1%          1    None
b - Throw Flame           Conj/Fire      ######       1%          2    None
c - Conjure Flame         Conj/Fire      ######..     1%          3    None
d - Inner Flame           Hex/Fire       #####...     1%          3    None
e - Sticky Flame          Conj/Fire      ######..     1%          4    None
f - Fireball              Conj/Fire      ######....   1%          5    None
g - Mephitic Cloud        Conj/Pois/Air  ######..     1%          3    None
h - Poisonous Cloud       Conj/Pois/Air  ######....   1%          6    None
i - Airstrike             Air            ######....   1%          4    None
j - Regeneration          Chrm/Necr      ####......   4%          3    None


Dungeon Overview and Level Annotations

Branches:
Dungeon (1/1)

Altars:
Ashenzari
Cheibriados
Dithmenos
Elyvilon
Fedhas
Gozag
Kikubaaqudgha
Makhleb
Nemelex Xobeh
Okawaru
Qazlal
Ru
Sif Muna
Trog
Vehumet
Xom
Yredelemnul
Zin
The Shining One
Beogh
Jiyva
Lugonu


Innate Abilities, Weirdness & Mutations

You cannot wear most types of armour.
You are amphibious.
You can wear up to eight rings at the same time.
You can use your tentacles to constrict many enemies at once.
Your skin changes colour to match your surroundings (Stealth).
Your rubbery body absorbs attacks (AC +1).


Message History

Aim: a spriggan druid, wielding a quarterstaff and wearing a robe (severely wounded)
The fireball explodes!
The fireball engulfs the spriggan druid.
With its final breath, the spriggan druid offers up its power to the beasts of the wild!
The wolf spider is healed.
The wolf spider seems to grow more fierce.
You kill the spriggan druid!
Vehumet accepts your kill.
You feel your power returning.
Your Conjurations skill increases to level 11!
The fireball engulfs the spriggan druid.
The spriggan druid is almost dead.
The fireball engulfs the spriggan air mage.
The spriggan air mage is severely wounded.
The fireball engulfs the spriggan berserker.
The spriggan berserker is moderately wounded.
The spriggan air mage is engulfed in noxious fumes.
The spriggan air mage waves its arms in wide circles.
The air twists around and strikes you!
You die...

}§§ ▓...|}))..▓.
..[}§§§..▓..)||))..▓.
▓....R§is.▓...)."...▓.
...§iii..▓.........▓.
▓ ..§§§.. ▓..).).)..▓.
▓. .§ii. .▓...))....▓.
▓..▓i).▓..▓...)..)..▓.
▓.▓.....▓.▓.........▓.
▓....@....▓....(....▓▓
▓▓▓▓▓▓▓▓▓▓▓▓▓▓▓▓▓▓▓▓▓


You could see a spriggan defender, a wolf spider (frenzied), 3 spriggan
berserkers, a dryad, 2 spriggan air magi and a spriggan druid.

Vanquished Creatures
  A deep elf master archer (D)
  A deep elf sorcerer (D)
  2 deep elf annihilators (D)
  A deep elf high priest (D)
  A deep elf knight (D)
  A spriggan druid (D)
  An ice devil (D)
  2 deep elf conjurers (D)
  An orc sorcerer (D)
  2 hill giants (D)
  A cyclops (D)
  A naga mage (D)
  A two-headed ogre (D)
  A troll (D)
  5 spriggans (D)
  A tarantella (D)
  6 wolves (D)
  A naga (D)
  A hell hound (D)
  4 ogres (D)
  5 black bears (D)
  3 phantoms (D)
  3 wasps (D)
  An eye of draining (D)
  2 wights (D)
  A scorpion (D)
  A quasit (D)
  A jelly (D)
  An iron imp (D)
  2 adders (D)
  A white imp (D)
  A giant eyeball (D)
  An ufetubus (D)
  An adder zombie (D)
  2 oozes (D)
  2 ball pythons (D)
  A bat zombie (D)
  A ball python skeleton (D)
  A giant cockroach zombie (D)
  2 quokka skeletons (D)
68 creatures vanquished.

Vanquished Creatures (collateral kills)
  A swamp dragon (shapeshifter) (D)
1 creature vanquished.

Grand Total: 69 creatures vanquished

Notes
Turn   | Place    | Note
--------------------------------------------------------------
     0 | D        | BluebellGnoll, the Octopode Fire Elementalist, began the quest for the Orb.
     0 | D        | Reached XP level 1. HP: 11/11 MP: 3/3
     0 | D        | Found a viscous altar of Jiyva.
     0 | D        | Found a corrupted altar of Lugonu.
     0 | D        | Found a white marble altar of Elyvilon.
     2 | D        | Found a sparkling altar of Nemelex Xobeh.
     2 | D        | Found a burning altar of Makhleb.
     2 | D        | Found a deep blue altar of Sif Muna.
     3 | D        | Found a bloodstained altar of Trog.
     8 | D        | Found an iron altar of Okawaru.
    19 | D        | Found a radiant altar of Vehumet.
    20 | D        | Found a basalt altar of Yredelemnul.
    44 | D        | Found a shimmering altar of Xom.
    51 | D        | Became a worshipper of Vehumet
    55 | D        | Reached skill level 7 in Shields
    55 | D        | Reached XP level 2. HP: 17/17 MP: 4/4
    61 | D        | Learned a level 2 spell: Throw Flame
    61 | D        | Entered arena 1.
    61 | D        | Noticed a scorpion
    61 | D        | Noticed a tarantella
    71 | D        | Killed a tarantella
    71 | D        | Reached skill level 5 in Conjurations
    71 | D        | Reached XP level 3. HP: 21/21 MP: 3/13
    71 | D        | Reached XP level 4. HP: 27/27 MP: 3/15
    71 | D        | Reached XP level 5. HP: 31/31 MP: 3/18
    75 | D        | Killed a scorpion
    78 | D        | Entered arena 2.
    78 | D        | Noticed an iron imp
    78 | D        | Noticed an ice devil
    83 | D        | Acquired Vehumet's first power
    83 | D        | Offered knowledge of Freeze by Vehumet.
    85 | D        | Killed an iron imp
    85 | D        | Reached XP level 6. HP: 36/36 MP: 5/20
    93 | D        | Killed an ice devil
    93 | D        | Reached skill level 11 in Spellcasting
    93 | D        | Reached XP level 7. HP: 41/41 MP: 0/26
   102 | D        | Learned a level 5 spell: Fireball
   106 | D        | Learned a level 3 spell: Conjure Flame
   110 | D        | Learned a level 3 spell: Inner Flame
   115 | D        | Learned a level 4 spell: Sticky Flame
   322 | D        | Entered arena 3.
   322 | D        | Noticed a phantom
   322 | D        | Noticed a wight
   322 | D        | Noticed a phantom
   333 | D        | Killed a wight
   333 | D        | Offered knowledge of Searing Ray by Vehumet.
   334 | D        | Killed a phantom
   334 | D        | Reached XP level 8. HP: 43/46 MP: 12/27
   339 | D        | Killed a phantom
   339 | D        | Acquired Vehumet's second power
   368 | D        | Entered arena 4.
   368 | D        | Noticed a hell hound
   368 | D        | Noticed a quasit
   371 | D        | Killed a quasit
   373 | D        | Killed a hell hound
   373 | D        | Acquired Vehumet's third power
   373 | D        | Reached skill level 5 in Dodging
   381 | D        | Got the ring "Joll" {rF+ Stlth+}
   436 | D        | Entered arena 5.
   436 | D        | Noticed a jelly
   436 | D        | Noticed an eye of draining
   437 | D        | Killed a jelly
   440 | D        | Killed an eye of draining
   452 | D        | Entered arena 6.
   452 | D        | Noticed a naga
   452 | D        | Noticed a naga mage
   454 | D        | Killed a naga
   455 | D        | Killed a naga mage
   473 | D        | Entered arena 7.
   473 | D        | Noticed a phantom
   473 | D        | Noticed a wight
   474 | D        | Killed a wight
   474 | D        | Reached skill level 10 in Conjurations
   474 | D        | Reached XP level 9. HP: 51/51 MP: 24/29
   479 | D        | Killed a phantom
   506 | D        | Learned a level 6 spell: Poisonous Cloud
   520 | D        | Entered arena 8.
   520 | D        | Noticed a wolf
   520 | D        | Noticed a black bear
   520 | D        | Noticed a spriggan rider
   520 | D        | Noticed a wolf
   520 | D        | Noticed a black bear
   520 | D        | Noticed a spriggan rider
   520 | D        | Noticed a wolf
   521 | D        | Killed a wolf
   521 | D        | Offered knowledge of Mephitic Cloud by Vehumet.
   521 | D        | Killed a wolf
   522 | D        | Killed a wolf
   522 | D        | Killed a spriggan
   522 | D        | Reached skill level 5 in Poison Magic
   522 | D        | Killed a spriggan rider
   522 | D        | Killed a wasp
   522 | D        | Reached skill level 5 in Air Magic
   523 | D        | Killed a wasp
   523 | D        | Killed a black bear
   526 | D        | Killed a black bear
   532 | D        | Identified the Collected Works on Augmentations (You found it in the Dungeon)
   540 | D        | Learned a level 3 spell: Mephitic Cloud
   546 | D        | Entered arena 9.
   546 | D        | Noticed a spriggan
   546 | D        | Noticed a black bear
   546 | D        | Noticed a wolf
   546 | D        | Noticed a black bear
   546 | D        | Noticed a black bear
   546 | D        | Noticed a spriggan
   546 | D        | Noticed a spriggan rider
   546 | D        | Noticed a wolf
   547 | D        | Killed a spriggan
   547 | D        | Offered knowledge of Airstrike by Vehumet.
   547 | D        | Reached XP level 10. HP: 56/56 MP: 26/30
   547 | D        | Killed a spriggan
   547 | D        | Reached skill level 12 in Spellcasting
   548 | D        | Killed a wolf
   549 | D        | Killed a wolf
   549 | D        | Killed a wasp
   549 | D        | Killed a black bear
   551 | D        | Killed a spriggan
   551 | D        | Reached skill level 13 in Spellcasting
   553 | D        | Killed a black bear
   560 | D        | Killed a black bear
   568 | D        | Got the ring of the Manifold Lives {+Inv +Fly rN+}
   584 | D        | Learned a level 4 spell: Airstrike
   631 | D        | Entered arena 10.
   631 | D        | Noticed a troll
   631 | D        | Noticed an ogre
   631 | D        | Noticed an ogre
   631 | D        | Noticed a hill giant
   631 | D        | Noticed an ogre
   631 | D        | Noticed an ogre
   631 | D        | Noticed a two-headed ogre
   631 | D        | Noticed a cyclops
   631 | D        | Noticed a hill giant
   636 | D        | Killed a two-headed ogre
   636 | D        | Offered knowledge of Ignite Poison by Vehumet.
   636 | D        | Killed an ogre
   636 | D        | Killed an ogre
   636 | D        | Reached skill level 14 in Spellcasting
   637 | D        | Killed a troll
   637 | D        | Killed an ogre
   639 | D        | Killed an ogre
   640 | D        | Killed a hill giant
   641 | D        | Killed a cyclops
   641 | D        | Reached skill level 15 in Spellcasting
   641 | D        | Killed a hill giant
   679 | D        | Got the amulet of Suspected Treachery {Stasis Str+3 Dex-3}
   685 | D        | Learned a level 3 spell: Regeneration
   757 | D        | Entered arena 11.
   757 | D        | Noticed a slime creature
   757 | D        | Noticed a deep elf sorcerer
   757 | D        | Noticed a deep elf conjurer
   757 | D        | Noticed a deep elf annihilator
   757 | D        | Noticed a deep elf master archer
   757 | D        | Noticed a deep elf high priest
   757 | D        | Noticed an orc sorcerer
   757 | D        | Noticed a deep elf annihilator
   757 | D        | a slime creature changed into a snapping turtle
   758 | D        | Noticed a ghost crab
   758 | D        | a snapping turtle changed into a ghost crab
   759 | D        | Noticed a deep elf knight
   759 | D        | Noticed a deep elf conjurer
   760 | D        | Noticed a hornet
   760 | D        | a ghost crab changed into a hornet
   763 | D        | Killed a deep elf conjurer
   763 | D        | Reached XP level 11. HP: 44/61 MP: 13/34
   764 | D        | Noticed a sun demon
   764 | D        | Noticed an ice devil
   764 | D        | Killed a deep elf annihilator
   764 | D        | Reached skill level 10 in Dodging
   764 | D        | Reached skill level 16 in Spellcasting
   764 | D        | Killed a deep elf high priest
   764 | D        | Killed an orc sorcerer
   765 | D        | Noticed a swamp dragon
   765 | D        | a hornet changed into a swamp dragon
   766 | D        | Killed a deep elf knight
   767 | D        | Killed a deep elf master archer
   767 | D        | Reached skill level 17 in Spellcasting
   767 | D        | Killed a deep elf annihilator
   771 | D        | Killed a deep elf conjurer
   771 | D        | Offered knowledge of Lee's Rapid Deconstruction by Vehumet.
   771 | D        | Reached skill level 18 in Spellcasting
   771 | D        | Killed a deep elf sorcerer
   771 | D        | Reached XP level 12. HP: 20/66 MP: 7/36
   771 | D        | Killed a swamp dragon
   897 | D        | Got the amulet "Qiesog" {Stasis Int+1 Dex-4}
   946 | D        | Entered arena 12.
   946 | D        | Noticed a wolf spider
   946 | D        | Noticed a dryad
   946 | D        | Noticed a spriggan berserker
   946 | D        | Noticed a spriggan druid
   946 | D        | Noticed a spriggan air mage
   946 | D        | Noticed a spriggan druid
   946 | D        | Noticed a spriggan air mage
   946 | D        | Noticed a spriggan defender
   948 | D        | Noticed a wolf
   948 | D        | Noticed a spriggan berserker
   948 | D        | Killed a wolf
   949 | D        | Noticed a spriggan berserker
   951 | D        | Killed a spriggan druid
   951 | D        | Killed from afar by a spriggan air mage

Action                   |  1- 3 |  4- 6 |  7- 9 | 10-12 || total
-------------------------+-------+-------+-------+-------++-------
Melee: Quick blade       |     5 |     8 |     2 |     2 ||    17
       Double sword      |       |       |     1 |       ||     1
 Cast: Flame Tongue      |       |     5 |     7 |       ||    12
       Throw Flame       |       |       |     4 |     3 ||     7
       Sticky Flame      |       |       |     1 |     2 ||     3
       Fireball          |       |       |    11 |    19 ||    30
       Mephitic Cloud    |       |       |       |     4 ||     4
       Poisonous Cloud   |       |       |       |     4 ||     4
       Regeneration      |       |       |       |     2 ||     2
Evoke: Wand              |       |     1 |       |       ||     1
       Staff of energy   |       |       |     4 |       ||     4
       Fan of gales      |       |       |       |     1 ||     1
  Use: Potion            |     2 |       |     5 |     1 ||     8
       Scroll            |       |       |     1 |     1 ||     2
 Stab: Invisible         |     1 |     1 |       |       ||     2
       Sleeping          |       |     3 |     1 |       ||     4
  Eat: Chunk             |       |       |       |     1 ||     1
